 Dungeon Crawl Stone Soup version 0.30.0-29-ga12c61a403 (webtiles) character file.

Game seed: 7279849523935758265

221 ChadusMaximus the Caller (level 5, 0/38 HPs)
             Began as a Draconian Summoner on June 22, 2023.
             Slain by Duvessa
             ... wielding a +1 short sword of venom
              (5 damage)
             ... on level 4 of the Dungeon.
             The game lasted 00:03:43 (3563 turns).

ChadusMaximus the Caller (Draconian Summoner)       Turns: 3563, Time: 00:03:44

Health: 0/38       AC:  5    Str:  7 (10) XL:     5   Next: 65%
Magic:  5/10       EV: 12    Int: 14 (17) God:
Gold:   236        SH:  0    Dex: 16 (18) Spells: 4/10 levels left

rFire   . . .        h - +0 hand axe
rCold   . . .        (no shield)
rNeg    . . .        (body armour unavailable)
rPois   .            (helmet restricted)
rElec   .            (no cloak)
rCorr   .            (no gloves)
SInv    .            (no boots)
Will    .....        (no amulet)
Stlth   ++           f - +6 ring of dexterity
HPRegen 0.26/turn    (no ring)
MPRegen 0.12/turn

%: no passive effects
@: lethally poisoned (0 -> -4), about to teleport, hasted, very quick
A: AC +5, unfitting armour, cold-blooded
a: no special abilities


You were on level 4 of the Dungeon.
You visited 1 branch of the dungeon, and saw 4 of its levels.

You collected 236 gold pieces.

Inventory:

Hand Weapons
 c - a +0 dagger
 h - a +0 hand axe (weapon)
Jewellery
 f - a +6 ring of dexterity (left hand)
 x - a +5 ring of evasion
Wands
 u - a wand of acid (8)
 v - a wand of digging (7)
Scrolls
 d - 4 scrolls of identify
 g - 2 scrolls of teleportation
 n - 2 scrolls of acquirement {unknown}
 o - a scroll of enchant weapon {unknown}
 r - a scroll of immolation {unknown}
 s - a scroll of vulnerability {unknown}
 w - a scroll of blinking {unknown}
Potions
 a - 2 potions of magic
 b - a potion of degeneration
 e - a potion of haste
 i - a potion of berserk rage {unknown}
 j - 2 potions of invisibility {unknown}
 k - 2 potions of heal wounds {unknown}
 l - 3 potions of attraction {unknown}
 m - 5 potions of mutation {unknown}
 p - 3 potions of brilliance {unknown}
 q - a potion of might {unknown}
 t - 2 potions of curing {unknown}


   Skills:
 - Level 1.8 Dodging
 - Level 1.8 Stealth
 + Level 3.4 Spellcasting
 * Level 6.1 Summonings


You had 4 spell levels left.
You knew the following spells:

 Your Spells              Type           Power      Damage    Failure   Level
a - Summon Small Mammal   Summ           76%        N/A       1%          1
b - Call Canine Familiar  Summ           19%        N/A       4%          3
c - Call Imp              Summ           38%        N/A       2%          2

Your spell library contained the following spells:

 Spells                   Type           Power      Damage    Failure   Level
 Summon Guardian Golem    Hex/Summ       11%        N/A       17%         3
 Sandblast                Erth           4%         2d4       21%         1
 Passwall                 Tmut/Erth      1%         N/A       30%         2
 Summon Lightning Spire   Summ/Air       11%        N/A       50%         4
 Stone Arrow              Conj/Erth      4%         3d7       52%         3


Dungeon Overview and Level Annotations

Branches:
Dungeon (4/15)
 Temple: D:4-7

Altars:
Wu Jian

Shops:
D:3 :

Annotations:
D:4 Dowan, Duvessa


Innate Abilities, Weirdness & Mutations

Your plain brown scales are hard. (AC +5)
You cannot fit into any form of body armour.
You are cold-blooded and may be slowed by cold attacks.


Message History

* * * LOW HITPOINT WARNING * * *
You feel very sick.
Duvessa closely misses your cerulean imp.
Your hound bites Duvessa but does no damage.
Your cerulean imp hits Duvessa but does no damage.
As you read the scroll labelled WITENIWECW, it crumbles to dust.
It is a scroll of identify.
g - 3 scrolls of teleportation
* * * LOW HITPOINT WARNING * * *
You feel sick.
Your hound barely misses Duvessa.
Duvessa hits your cerulean imp with a +1 short sword of venom.
Your cerulean imp barely misses Duvessa.
Your hound bites Duvessa.
You swap places.
* * * LOW HITPOINT WARNING * * *
You feel sick.
Duvessa hits your quokka with a +1 short sword of venom!
Your quokka dies!
Your quokka's corpse disappears in a puff of smoke!
Your hound bites Duvessa but does no damage.
Your cerulean imp hits Duvessa but does no damage.
Okay, then.
As you read the scroll of teleportation, it crumbles to dust.
You feel strangely unstable.
* * * LOW HITPOINT WARNING * * *
You feel sick.
Your hound bites Duvessa but does no damage.
Your cerulean imp hits Duvessa but does no damage.
Your hound bites Dowan.
It was a potion of degeneration.
There was something very wrong with that liquid.
You feel weakened.
You feel dopey.
You feel clumsy.
You feel sick. Duvessa closely misses you.
Dowan casts a spell.
Dowan blinks!
Your cerulean imp barely misses Duvessa.
It was a potion of haste.
You feel yourself speed up.
You feel sick.
Your hound bites Duvessa but does no damage.
Duvessa hits you with a +1 short sword of venom.
You die...

#########
#######.......#
#......5e@.e..#
..#####h####.)#######
#.# #........# #.#
#.######.# #.# #.#
######## #.# #.#
.......##### ..# #.#
..........⌠##### #.#
...........#..### #.#


You could see Duvessa (ally target), Dowan, a friendly hound (summoned) and a
friendly cerulean imp (summoned).

Vanquished Creatures
  An adder (D:3)
  3 worms
  A dart slug (D:1)
  An orc (D:3)
  8 ball pythons
  3 bats
  10 endoplasms
  3 giant cockroaches
  6 goblins
  7 hobgoblins
  4 jackals (D:1)
  A quokka (D:3)
  8 kobolds
  6 rats
62 creatures vanquished.

Vanquished Creatures (collateral kills)
  A jelly (D:4)
  3 iguanas (D:4)
  2 adders (D:2)
  A bat (D:2)
  An endoplasm (D:1)
  A giant cockroach (D:4)
  A goblin (D:1)
  A hobgoblin (D:4)
  A frilled lizard (D:2)
  A rat (D:1)
13 creatures vanquished.

Grand Total: 75 creatures vanquished

Notes
Turn   | Place    | Note
-------+----------+-------------------------------------------
     0 | D:1      | ChadusMaximus the Draconian Summoner began the quest for
                  | the Orb.
     0 | D:1      | Reached XP level 1. HP: 14/14 MP: 3/3
   278 | D:1      | Reached XP level 2. HP: 14/20 MP: 5/5
   725 | D:1      | Reached XP level 3. HP: 26/26 MP: 6/6
  1286 | D:2      | Learned a level 3 spell: Call Canine Familiar
  1301 | D:2      | Reached skill level 5 in Summonings
  1560 | D:2      | Reached XP level 4. HP: 33/33 MP: 8/8
  1671 | D:3      | Learned a level 2 spell: Call Imp
  1855 | D:3      | Found Imimui's Book Shop.
  2278 | D:3      | Found a faded altar of an unknown god.
  2986 | D:4      | Found an ornate altar of the Wu Jian Council.
  3189 | D:4      | Reached XP level 5. HP: 14/38 MP: 6/9
  3419 | D:4      | Reached skill level 6 in Summonings
  3548 | D:4      | Noticed Duvessa
  3548 | D:4      | Noticed Dowan
  3563 | D:4      | Slain by Duvessa

Illustrated notes

Levels and vault maps discovered:
D:1:      lemuel_arrival_behind_the_door_small, layout_loops_corners
D:2:      wander_river, layout_rooms
D:3:      minmay_bubble_buster, layout_loops_ring,
          shapermc_ecumenical_altar_totnotflames, serial_shops, shop
D:4:      kennysheep_spiral_hall, layout_loops_ring,
          mainiacjoe_overflow_alcove_2, uniq_duvessa

Skill      XL: |  1  2  3  4  5 |
---------------+----------------+-----
Summonings     | 5 6 |  6.1
Spellcasting   | 3 |  3.4
Dodging        | |  1.8
Stealth        | |  1.8

Action                     |  1- 3 |  4- 6 || total
---------------------------+-------+-------++-------
  Melee: Dagger            |    71 |       ||    71
         Tailslap          |    15 |    14 ||    29
         Unarmed           |     4 |       ||     4
         Hand axe          |    75 |    98 ||   173
         Punch             |     3 |     3 ||     6
   Cast: Summon Small Mamm |    10 |     5 ||    15
         Call Canine Famil |     1 |     5 ||     6
         Call Imp          |       |     4 ||     4
    Use: Scroll            |       |     2 ||     2
         Potion            |       |     2 ||     2
   Stab: Sleeping          |     4 |     6 ||    10
         Distracted        |       |     1 ||     1
 Armour: Skin              |    64 |    33 ||    97
  Dodge: Dodged            |   125 |    62 ||   187
